Map: Blueshift LE

Players

Zest - Winner!

  • Race: Protoss Protoss
  • League: Master
  • Spawn Location: 1:00

SortOf

  • Race: Zerg Zerg
  • League: Master
  • Spawn Location: 7:00

Event: HomeStory Cup XVIII

VOD

Have the link to the VOD?

Description

Time

  • Played on: Nov. 23, 2018, 1:33 p.m.
  • Length: 12:05

All games in this series

Show
View Real Time Build Order
Export as new Build Order

Zest Protoss - Winner!

Build Orders: 1 Gate Expand, Oracle Opening, Archon Immortal, Archon Drop 

Get SALT Encoding   

  12  0:00  Probe  
  13  0:13  Probe  
  14  0:18  Pylon  
  14  0:24  Probe  
  15  0:32  Probe  
  15  0:38  Gateway  
  15  0:40  Probe  
  16  0:48  Assimilator  
  17  0:51  Probe  
  18  1:03  Probe  
  19  1:15  Probe  
  20  1:25  Cybernetics Core  
  20  1:34  Nexus  
  20  1:37  Probe  
  21  1:43  Pylon  
  21  1:49  Probe  
  21  1:51  Assimilator  
  21  1:53  Adept  
  22  2:01  Probe  
  25  2:11  Adept  
  25  2:13  Probe  
  28  2:25  Probe  
  28  2:28  Stargate  
  29  2:37  Probe  
  30  2:45  Stalker  
  30  2:46  Probe  
  30  2:49  Probe  
  30  2:51  Warp Gate  
  34  2:58  Probe  
  34  3:01  Pylon, Probe  
  34  3:05  Oracle  
  36  3:10  Probe  
  37  3:13  Probe  
  37  3:19  Probe  
  41  3:20  Assimilator  
  41  3:25  Assimilator  
  42  3:27  Probe x2  
  42  3:30  Gateway  
  42  3:32  Oracle  
  44  3:37  Probe  
  44  3:39  Probe  
  49  3:49  Probe  
  49  3:51  Probe  
  49  3:53  Pylon  
  51  3:56  Robotics Facility  
  51  4:01  Probe  
  52  4:03  Probe  
  53  4:15  Twilight Council  
  53  4:18  Probe x2  
  53  4:21  Gateway  
  55  4:25  Gateway  
  55  4:30  Probe x2  
  57  4:32  Pylon, Warp Prism  
  59  4:47  Probe x2  
  59  4:49  Pylon  
  59  4:51  Templar Archives  
  61  5:02  Zealot x2  
  65  5:07  Pylon  
  65  5:15  Observer  
  65  5:16  Nexus  
  66  5:21  Probe x2  
  66  5:28  High Templar x4  
  74  5:32  Archon x2  
  74  5:34  Charge  
  76  5:36  Probe x2  
  76  5:37  Forge  
  78  5:44  Immortal, Robotics Facility  
  78  5:47  Pylon  
  82  5:57  Probe  
  82  5:59  Probe  
  84  6:09  Probe  
  85  6:12  Probe  
  85  6:14  Protoss Ground Weapons Level 1, Immortal  
  86  6:21  Probe, Immortal  
  91  6:26  Probe  
  91  6:28  Pylon, Probe  
  91  6:30  Assimilator  
  97  6:33  Probe  
  97  6:34  Assimilator  
  97  6:38  Probe  
  99  6:40  Probe  
  99  6:43  Pylon x2  
  99  6:46  Probe  
  101  6:50  Probe  
  102  6:54  Photon Cannon, Immortal  
  102  6:56  Shield Battery  
  101  7:02  Immortal  
  101  7:07  Probe  
  101  7:08  Probe x2  
  112  7:12  Photon Cannon  
  112  7:15  Shield Battery  
  112  7:18  Shield Battery, Photon Cannon  
  112  7:22  Sentry x4  
  116  7:23  Immortal  
  120  7:31  Pylon  
  124  7:37  Photon Cannon  
  124  7:44  Immortal  
  128  7:54  Gateway  
  128  7:55  Gateway  
  128  8:02  Photon Cannon  
  128  8:03  Psionic Storm, Immortal  
  129  8:20  Immortal  
  129  8:22  High Templar x2  
  129  8:23  High Templar  
  129  8:24  Zealot  
  141  8:30  Pylon  
  141  8:31  Pylon  
  141  8:32  Pylon  
  141  8:33  Pylon  
  141  8:36  Protoss Ground Weapons Level 2  
  141  8:49  Gateway  
  141  8:51  Gateway, Warp Prism  
  141  8:52  Immortal  
  143  9:08  High Templar x2, Zealot x3  
  143  9:09  Zealot  
  153  9:12  Pylon  
  153  9:13  Pylon  
  153  9:14  Pylon  
  153  9:16  Probe  
  153  9:17  Probe  
  154  9:26  Archon  
  154  9:30  Observer  
  146  9:34  Nexus  
  146  9:36  Pylon  
  146  9:37  Observer  
  148  9:39  Pylon  
  144  9:50  Immortal  
  144  9:51  High Templar  
  144  9:52  High Templar x3, Zealot  
  152  9:53  Zealot x3  
  156  10:00  Immortal  
  162  10:11  Observer  
  151  10:19  Zealot x4, Immortal  
  159  10:25  Zealot x2  
  159  10:26  Zealot x2  
  171  10:39  Immortal  
  169  10:45  Zealot  
  169  10:46  Zealot x3  
  169  10:49  Immortal  
  154  10:58  Zealot x4  
  160  11:18  Immortal  
  160  11:21  Zealot x8  
  162  11:42  Zealot x4  
  162  11:43  Zealot x3  
Show
View Real Time Build Order
Export as new Build Order

SortOf Zerg 

Build Orders: Hatch First, Swarm Host 

Get SALT Encoding   

  12  0:00  Drone  
  13  0:12  Overlord  
  13  0:17  Drone  
  14  0:30  Drone  
  15  0:44  Hatchery  
  15  0:47  Drone  
  15  0:50  Drone  
  15  0:56  Drone  
  17  1:06  Drone  
  18  1:14  Extractor  
  18  1:17  Spawning Pool  
  16  1:19  Drone  
  17  1:29  Drone  
  18  1:40  Drone  
  19  1:51  Drone  
  20  1:58  Drone  
  21  2:02  Drone  
  21  2:05  Queen x2  
  21  2:07  Overlord  
  26  2:11  Zergling x2  
  27  2:19  Zergling x2  
  28  2:23  Metabolic Boost  
  28  2:31  Drone x2  
  29  2:44  Hatchery  
  29  2:48  Drone  
  29  2:50  Drone x2  
  29  2:51  Drone  
  31  2:55  Zergling x2  
  32  3:01  Zergling x2  
  32  3:05  Queen  
  35  3:09  Overlord  
  35  3:21  Drone  
  35  3:24  Overlord  
  36  3:28  Drone x5  
  36  3:29  Drone  
  36  3:34  Overlord  
  42  3:37  Spore Crawler  
  41  3:44  Queen  
  41  3:46  Drone  
  44  3:52  Drone x2  
  44  3:54  Spore Crawler  
  45  3:56  Drone x2  
  45  4:00  Queen  
  49  4:07  Drone  
  47  4:12  Drone x3, Spore Crawler  
  47  4:13  Drone x2  
  47  4:14  Drone  
  52  4:18  Drone x2  
  52  4:20  Drone  
  55  4:25  Overlord, Drone  
  55  4:27  Drone  
  55  4:28  Drone  
  58  4:36  Roach Warren  
  58  4:37  Overlord  
  57  4:43  Lair  
  57  4:44  Drone x2  
  59  4:46  Zergling x2  
  59  4:47  Zergling x2  
  59  4:48  Zergling x2  
  62  4:53  Drone x3  
  61  5:02  Drone x3  
  61  5:05  Drone  
  65  5:09  Drone x3  
  65  5:13  Extractor  
  65  5:14  Extractor x2  
  65  5:15  Drone x2  
  65  5:16  Overlord  
  67  5:23  Roach x3  
  67  5:25  Overlord  
  73  5:30  Overlord  
  73  5:37  Roach x4  
  73  5:42  Drone  
  81  5:43  Overlord  
  81  5:46  Roach x3  
  87  5:52  Extractor, Roach  
  87  5:53  Overlord  
  88  5:59  Overlord  
  88  6:00  Overlord  
  88  6:05  Drone x3  
  88  6:06  Drone x2  
  88  6:11  Overlord  
  92  6:12  Drone x4, Glial Reconstitution  
  92  6:13  Drone  
  92  6:15  Evolution Chamber  
  94  6:20  Queen  
  94  6:21  Drone x2  
  94  6:23  Overseer  
  94  6:27  Drone  
  94  6:28  Drone x2  
  94  6:31  Extractor, Evolution Chamber  
  95  6:33  Roach  
  97  6:42  Roach  
  97  6:43  Roach x4  
  97  6:46  Queen  
  109  6:56  Overlord  
  109  7:03  Overlord  
  109  7:06  Zerg Missile Weapons Level 1, Drone x2  
  109  7:07  Drone x2  
  109  7:08  Infestation Pit  
  112  7:11  Roach x2  
  112  7:12  Overseer  
  116  7:21  Drone  
  116  7:22  Drone x2  
  118  7:24  Hatchery  
  118  7:26  Roach x4  
  118  7:28  Drone  
  126  7:37  Roach x7  
  126  7:40  Overlord  
  140  7:47  Overlord  
  140  7:51  Overlord  
  140  7:53  Overlord x2  
  140  7:55  Overlord  
  140  7:58  Overlord  
  140  8:00  Swarm Host x2  
  140  8:03  Overlord  
  146  8:16  Swarm Host x3  
  146  8:17  Swarm Host x5  
  166  8:21  Overseer  
  166  8:22  Swarm Host x2  
  172  8:29  Swarm Host  
  172  8:30  Swarm Host x2  
  181  8:38  Swarm Host x3  
  190  8:45  Drone x6  
  192  8:50  Spine Crawler  
  192  8:51  Spine Crawler  
  190  9:04  Ravager x6  
  190  9:05  Drone x3  
  190  9:06  Drone  
  190  9:09  Extractor x2  
  188  9:27  Roach x11  
  188  9:29  Roach x2  
  199  9:33  Hive  
  199  9:37  Spine Crawler  
  198  9:38  Spine Crawler  
  187  9:47  Roach x6  
  197  10:00  Ravager x2  
  197  10:02  Spine Crawler  
  197  10:03  Spine Crawler  
  197  10:06  Spine Crawler x2  
  194  10:07  Spine Crawler x2  
  194  10:08  Spine Crawler  
  194  10:13  Spire  
  152  10:51  Swarm Host x2  
  152  10:52  Swarm Host x6  
  152  10:55  Roach x13  
  170  11:06  Baneling Nest  
  170  11:10  Roach  
  170  11:11  Roach x8  
  146  11:20  Roach x3  
  146  11:22  Ravager x3  
  152  11:39  Roach x8  
Tags
 
Add a new tag
Caveats
  • Supply blocks, unpowered buildings, or Contaminate may cause inaccurate times.
  • Supply counts are checked every 10 seconds.